 Dungeon Crawl Stone Soup version 0.31-a0-177-g4aa6249778 (webtiles) character file.

Game seed: 4276942617804561827

2023 olmar the Covered (level 9, -6/70 (79) HPs)
             Began as an Armataur Fighter on June 18, 2023.
             Mangled by a wight
             ... wielding a +5 great sword
              (16 damage)
             ... on level 7 of the Dungeon.
             The game lasted 00:05:48 (4486 turns).

olmar the Covered (Armataur Fighter)                Turns: 4486, Time: 00:05:49

HP:   -6/70 (79)    AC: 13    Str: 30    XL:     9   Next: 3%
MP:   9/9           EV:  8    Int:  9    God:
Gold: 226           SH:  5    Dex:  9    Spells: 8/8 levels left

rFire   + . .        a - +0 flail
rCold   . . .        c - +0 buckler
rNeg    . . .        f - +4 ring mail of the Hot Ocelot {rF+ Str+4}
rPois   .            x - +1 hat
rElec   .            j - +0 cloak
rCorr   .            (no gloves)
SInv    .            (no barding)
Will    .....        E - amulet of regeneration Stlth
                     (no ring)
HPRegen 1.11/turn    (no ring)
MPRegen 0.11/turn

%: roll
@: heavily drained
A: large, rugged brown scales 3, deformed body, armoured tail, roll, long
tongue, awkward tongue
a: no special abilities


You were on level 7 of the Dungeon.
You visited 2 branches of the dungeon, and saw 8 of its levels.

You collected 265 gold pieces.
You spent 39 gold pieces at shops.

Inventory:

Hand Weapons
 a - a +0 flail (weapon)
Missiles
 k - 2 throwing nets
 q - 12 poisoned darts
Armour
 b - a +0 scale mail
 c - a +0 buckler (worn)
 f - the +4 ring mail of the Hot Ocelot (worn) {rF+ Str+4}
   (You found it on level 5 of the Dungeon)

   Str:       It affects your strength (+4).
   rF:        It protects you from fire.
 j - a +0 cloak (worn)
 x - a +1 hat (worn)
Jewellery
 o - an amulet of reflection
 E - an amulet of regeneration (around neck)
Wands
 A - a wand of roots (8)
 B - a wand of acid (10)
Scrolls
 g - 2 scrolls of revelation {unknown}
 i - 2 scrolls of enchant armour {unknown}
 l - 2 scrolls of noise {unknown}
 n - a scroll of enchant weapon {unknown}
 p - 2 scrolls of fear {unknown}
 s - a scroll of acquirement {unknown}
 t - 3 scrolls of poison {unknown}
 v - a scroll of butterflies {unknown}
 y - 2 scrolls of blinking {unknown}
 C - 3 scrolls of amnesia {unknown}
Potions
 d - a potion of enlightenment {unknown}
 e - 2 potions of heal wounds
 h - a potion of attraction
 m - 6 potions of lignification
 r - a potion of mutation {unknown}
 u - a potion of invisibility {unknown}
 w - 3 potions of brilliance {unknown}
 z - a potion of cancellation {unknown}
 D - a potion of curing
 F - a potion of magic {unknown}
 G - a potion of haste {unknown}


   Skills:
 + Level 5.3 Fighting
 + Level 7.3 Maces & Flails
 + Level 7.3 Armour
 - Level 1.0 Dodging
 - Level 0.1 Stealth
 + Level 6.1 Shields


You had 8 spell levels left.
You didn't know any spells.
Your spell library contained the following spells:

 Spells                   Type           Power      Damage    Failure   Level
 Call Canine Familiar     Summ           0%         N/A       88%         3
 Portal Projectile        Hex/Tloc       0%         N/A       88%         3
 Stone Arrow              Conj/Erth      0%         3d7       88%         3
 Animate Armour           Summ/Erth      0%         N/A       99%         4
 Leda's Liquefaction      Hex/Erth       0%         N/A       99%         4
 Lehudib's Crystal Spear  Conj/Erth      0%         10d2      100%        8


Dungeon Overview and Level Annotations

Branches:
Dungeon (7/15)             Temple (1/1) D:4

Altars:
Ashenzari
Cheibriados
Dithmenos
Elyvilon
Fedhas
Hepliaklqana
Kikubaaqudgha
Makhleb
Nemelex Xobeh
Okawaru
Ru
Sif Muna
Trog
Uskayaw
Vehumet
Xom
Yredelemnul
Zin
The Shining One

Shops:
D:3 *

Annotations:
D:3 1 runed translucent door, Crazy Yiuf


Innate Abilities, Weirdness & Mutations

You are completely covered in rugged brown scales. (AC +3, +7% HP)
Armour fits poorly on your strangely shaped body.
You have a long armoured tail.
You roll when moving toward enemies. (Rampage)
Your long tongue fully drains potion bottles. (2x potion effects)
Your tongue gives you trouble enunciating. (1.5x scroll delay)


Message History

The wight is moderately damaged.
The wight hits you with a +5 great sword!
You are too injured to fight recklessly!
You are too injured to fight recklessly!
You are too injured to fight recklessly!
You are too injured to fight recklessly!
You are too injured to fight recklessly!
A wight is nearby!
You are too injured to fight recklessly!
Unknown command.
You hit the wight but do no damage.
The wight is moderately damaged.
The wight hits you with a +5 great sword!!
* * * LOW HITPOINT WARNING * * *
Unknown command.
You sock the wight!
Your tail-slap misses the wight.
The wight is almost destroyed.
The wight hits you with a +5 great sword.
* * * LOW HITPOINT WARNING * * *
Unknown command.
Press: ? - help, v - describe, . - travel
Here: a wight, wielding a +5 great sword and wearing a +0 robe (almost destroyed)
The floor.
Unknown command.
You completely miss the wight.
Your tail-slap misses the wight.
The wight is almost destroyed.
The wight hits you with a +5 great sword!
* * * LOW HITPOINT WARNING * * *
You feel drained.
* * * LOW HITPOINT WARNING * * *
Unknown command.
You closely miss the wight.
The wight is almost destroyed.
You block the wight's attack.
Unknown command.
Unknown command.
You barely miss the wight.
The wight is almost destroyed.
The wight hits you with a +5 great sword!
You die...

..........#.........
#.............#.........
#.............#.........
#.............#)).......
#.............#.........
#............'.........
#............#.....)...
#....z.###'###.........
#.....@##....#.........
#............#.........
#............#.......##
#............#.......#
+......##....#.......#
#......##....###.....#
#.......#......+.....#
#########......#..<..+
#......#.....#


You could see a wight.

Vanquished Creatures
  Sigmund (D:6)
  4 yaks (D:6)
  2 water moccasins (D:6)
  An ogre (D:6)
  A centaur (D:5)
  A phantom (D:5)
  2 scorpions
  A bullfrog (D:4)
  2 wights (D:7)
  A killer bee (D:6)
  A howler monkey (D:7)
  3 hounds
  A gnoll bouda (D:6)
  An orc priest (D:6)
  2 iguanas
  Terence (D:2)
  An orc wizard (D:6)
  A sleepcap (D:6)
  5 gnolls
  6 adders
  An ufetubus (D:6)
  2 worms
  4 dart slugs
  8 orcs
  6 ball pythons
  7 endoplasms
  6 giant cockroaches
  5 hobgoblins
  8 jackals
  6 quokkas
  5 bats
  2 frilled lizards
  6 goblins
  14 kobolds
  6 rats
124 creatures vanquished.

Notes
Turn   | Place    | Note
-------+----------+-------------------------------------------
     0 | D:1      | olmar the Armataur Fighter began the quest for the Orb.
     0 | D:1      | Reached XP level 1. HP: 19/19 MP: 1/1
   127 | D:1      | Reached XP level 2. HP: 26/26 MP: 2/2
   406 | D:1      | Reached XP level 3. HP: 16/33 MP: 3/3
  1064 | D:2      | Noticed Terence
  1073 | D:2      | Killed Terence
  1074 | D:2      | Reached XP level 4. HP: 34/40 MP: 4/4
  1534 | D:3      | Found Hueloem's General Store.
  1551 | D:3      | Bought a potion of curing for 39 gold pieces
  1563 | D:3      | Found a runed translucent door.
  1564 | D:3      | Noticed Crazy Yiuf
  2040 | D:3      | Reached XP level 5. HP: 46/48 MP: 5/5
  2379 | D:4      | Found a staircase to the Ecumenical Temple.
  2427 | Temple   | Entered the Ecumenical Temple
  2668 | D:4      | Reached skill level 5 in Armour
  2668 | D:4      | Reached skill level 1 in Dodging
  2677 | D:4      | HP: 1/48 [bullfrog (7)]
  2681 | D:4      | Reached XP level 6. HP: 20/54 MP: 6/6
  2812 | D:4      | Found a broken altar of Ashenzari.
  2814 | D:4      | Found a shimmering blue altar of Sif Muna.
  3054 | D:5      | Entered Level 5 of the Dungeon
  3143 | D:5      | Found a burning altar of Makhleb.
  3156 | D:5      | Found a snail-covered altar of Cheibriados.
  3157 | D:5      | Identified the +4 ring mail of the Hot Ocelot {rF+ Str+4}
  3163 | D:5      | Found a bloodstained altar of Trog.
  3166 | D:5      | Found a glowing silver altar of Zin.
  3168 | D:5      | Found a white marble altar of Elyvilon.
  3441 | D:5      | Reached XP level 7. HP: 62/62 MP: 7/7
  3734 | D:6      | Noticed a yak
  3738 | D:6      | Noticed a yak
  3742 | D:6      | Noticed a yak
  3743 | D:6      | Noticed a yak
  3748 | D:6      | Reached skill level 5 in Maces & Flails
  3754 | D:6      | Killed a yak
  3755 | D:6      | Reached skill level 5 in Shields
  3757 | D:6      | Killed a yak
  3758 | D:6      | Reached XP level 8. HP: 25/71 MP: 8/8
  4156 | D:6      | Noticed Sigmund
  4170 | D:6      | Killed Sigmund
  4171 | D:6      | Reached skill level 5 in Fighting
  4447 | D:7      | Reached XP level 9. HP: 74/79 MP: 9/9
  4486 | D:7      | Mangled by a wight

Illustrated notes

Levels and vault maps discovered:
D:1:      dpeg_arrival_refuge, layout_basic
D:2:      minmay_inner_zag, layout_basic, uniq_terence
D:3:      layout_basic, serial_shops, shop, minivault_23, minmay_distorted,
          uniq_crazy_yiuf_cottage
D:4:      layout_rooms, mainiacjoe_overflow_divided_tiny,
          minmay_temple_entry_junction
D:5:      layout_cave_pools, minitemple, kennysheep_doodads
D:6:      layout_gridville, kennysheep_generic_room_9, uniq_sigmund
D:7:      layout_gridville, chequers_temple_overflow_statue_of_worship,
          serial_shops, shop, st_stairs_13, uniq_joseph, uniq_prince_ribbit1
Temple:   hellmonk_temple_flake

Skill      XL: |  1  2  3  4  5  6  7  8 |
---------------+-------------------------+-----
Maces & Flails | 2 3 4 5 7 |  7.3
Armour         | 4 5 6 7 |  7.3
Fighting       | 3 4 5 |  5.3
Dodging        | 1 |  1.0
Shields        | 4 5 6 |  6.1
Stealth        | |  0.1

Action                     |  1- 3 |  4- 6 |  7- 9 || total
---------------------------+-------+-------+-------++-------
  Melee: Flail             |   116 |   171 |   122 ||   409
         Tailslap          |    17 |    24 |    17 ||    58
    Use: Potion            |       |     1 |     3 ||     4
         Scroll            |       |     3 |       ||     3
 Armour: Scale mail        |    77 |    60 |       ||   137
         Ring mail         |       |    21 |    80 ||   101
  Dodge: Dodged            |    50 |    50 |    52 ||   152
  Block: Buckler           |    26 |    89 |    30 ||   145
         Reflection        |       |     1 |       ||     1

Table legend: (Time is in decaauts)
 A = Elapsed time spent in this place.
 B = Non-inter-level travel time spent in this place.
 C = Inter-level travel time spent in this place.
 D = Time resting spent in this place.
 E = Time spent auto-exploring this place.
 F = Levels seen in this place.
 G = Mean time per level.
                   A        B        C        D        E       F      G
               +--------+--------+--------+--------+--------+-----+--------+
         Total |   4583 |   4369 |    214 |    129 |   3233 |   8 |  572.9 |
       Dungeon |   4425 |   4212 |    213 |    129 |   3103 |   7 |  632.1 |
        Temple |    157 |    157 |      0 |      0 |    130 |   1 |  157.0 |
               +--------+--------+--------+--------+--------+-----+--------+

Top non-repeatable levels by time:
     D:3: 925 daAuts
     D:1: 750 daAuts
     D:2: 735 daAuts
     D:6: 677 daAuts
     D:5: 665 daAuts
     D:4: 562 daAuts
  Temple: 157 daAuts
     D:7: 110 daAuts
